 Dungeon Crawl Stone Soup version 0.29.1-12-g30fa7ad0bf (webtiles) character file.

Game seed: 7278043453538550251

97 kurumiz the Poker (level 4, -3/40 HPs)
             Began as a Minotaur Berserker on Dec 17, 2022.
             Was a Believer of Trog.
             Killed from afar by Ijyb (10 damage)
             ... with a bolt of light
             ... on level 4 of the Dungeon.
             The game lasted 00:04:54 (2614 turns).

kurumiz the Poker (Minotaur Berserker)              Turns: 2614, Time: 00:04:54

Health: -3/40      AC:  2    Str: 20 (23) XL:     4   Next: 42%
Magic:  3/3        EV: 12    Int:  1 (4)  God:    Trog [**....]
Gold:   228        SH:  0    Dex:  7 (10) Spells: 3/3 levels left

rFire   . . .      SeeInvis .   a - +0 spear
rCold   . . .      Faith    .   (no shield)
rNeg    . . .      Spirit   .   b - +0 animal skin
rPois   .          Reflect  .   (helmet restricted)
rElec   .          Harm     .   (no cloak)
rCorr   .          Rampage  .   (no gloves)
Will    .....                   (no boots)
Stlth   +.........              (no amulet)
HPRegen 0.13/turn               (no ring)
MPRegen 0.08/turn               (no ring)

@: attractive, hasted, very quick
A: horns 2, retaliatory headbutt
a: Renounce Religion, Berserk, Trog's Hand


You were on level 4 of the Dungeon.
You worshipped Trog.
Trog was pleased with you.
You visited 1 branch of the dungeon, and saw 4 of its levels.

You collected 228 gold pieces.

Inventory:

Hand Weapons
 a - a +0 spear (weapon)
Missiles
 m - 5 atropa-tipped darts (quivered)
Armour
 b - a +0 animal skin (worn)
Scrolls
 c - 2 scrolls of enchant armour {unknown}
 d - a scroll of vulnerability {unknown}
 e - a scroll of blinking {unknown}
 g - 2 scrolls of identify {unknown}
 h - a scroll of teleportation {unknown}
 j - a scroll of amnesia {unknown}
 k - a scroll of acquirement {unknown}
Potions
 l - a potion of degeneration


   Skills:
 + Level 4.3 Fighting
 + Level 5.3 Polearms
 + Level 2.8 Armour
 + Level 2.6 Dodging
 + Level 0.4 Stealth


You had 3 spell levels left.
You didn't know any spells.
Your spell library contained the following spells:

 Spells                   Type           Power      Damage    Failure   Level
 Apportation              Tloc           0%         N/A       56%         1
 Alistair's Intoxication  Tmut/Pois      0%         N/A       100%        5


Dungeon Overview and Level Annotations

Branches:
Dungeon (4/15)
 Temple: D:4-7

Altars:

Shops:
D:1 (

Annotations:
D:4 Ijyb


Innate Abilities, Weirdness & Mutations

You have a pair of horns on your head.
You reflexively headbutt those who attack you in melee.


Message History

The endoplasm is heavily wounded.
You hit the endoplasm.
You kill the endoplasm!
Trog accepts your kill.
There is an open door here.
There is an open door here.
Ijyb the Twisted Goblin comes into view.
She is wielding a +0 club and carrying a wand of light (8).
Ijyb is nearby!
Ijyb is nearby!
You hit Ijyb.
Ijyb is lightly wounded.
Ijyb zaps a wand.
The bolt of light hits you!!
You are confused.
You are too confused!
You are too confused!
You are too confused!
You feel yourself speed up. Ijyb closely misses you.
Ijyb zaps a wand.
The bolt of light misses you.
You feel less confused. Ijyb closely misses you. You furiously retaliate!
You headbutt Ijyb.
Ijyb zaps a wand.
The bolt of light hits you. Ijyb screams, "Me kill you!"
It was a potion of degeneration.
There was something very wrong with that liquid.
You feel weakened.
You feel dopey.
You feel clumsy.
It was a potion of attraction.
You feel attractive to monsters. Ijyb is attracted toward you.
Ijyb is attracted toward you. Ijyb is attracted toward you.
Ijyb screams, "Die!"
Ijyb is attracted toward you.
Ijyb screams, "Me very upset!"
Ijyb zaps a wand.
The bolt of light hits you!
* * * LOW HITPOINT WARNING * * *
Ijyb is attracted toward you. Ijyb is attracted toward you.
Ijyb is attracted toward you.
Ijyb zaps a wand.
The bolt of light hits you!
You die...

##... #.#§#####
..#.).
#####.#.#....
###.#...
#...#...'....
#<#.##.#
###.#..##.#....
#.#.##.#
#....§....#....
#.#.##.#
#.##§##.###....
#.#.##.###....##.#
#....
#†).##.#.g§#####.#
##### #.#....@.#.#
#.# #.#.######.#
#.# ..#†# #.# #.#
##.#.# #.# #..
#.#.# #.# ##.
#.#.# #.# # #.#.#
#.# #.#


You could see Ijyb.

Vanquished Creatures
  A hound (D:4)
  2 adders (D:3)
  A worm (D:3)
  A dart slug (D:3)
  2 orcs
  7 bats
  4 endoplasms
  2 giant cockroaches (D:1)
  4 goblins
  A hobgoblin (D:2)
  5 kobolds
  A quokka (D:2)
  3 ball pythons
  3 frilled lizards
  4 rats
41 creatures vanquished.

Notes
Turn   | Place    | Note
-------+----------+-------------------------------------------
     0 | D:1      | kurumiz the Minotaur Berserker began the quest for the Orb.
     0 | D:1      | Reached XP level 1. HP: 19/19 MP: 0/0
    54 | D:1      | Found a faded altar of an unknown god.
   224 | D:1      | Reached skill level 4 in Polearms
   224 | D:1      | Reached XP level 2. HP: 26/27 MP: 1/1
   392 | D:1      | Found Lehimyuh's Antique Weapon Shop.
   965 | D:2      | Reached ** piety under Trog
   966 | D:2      | Reached XP level 3. HP: 33/33 MP: 2/2
  2178 | D:3      | Reached skill level 5 in Polearms
  2534 | D:4      | Reached XP level 4. HP: 40/40 MP: 3/3
  2580 | D:4      | Noticed Ijyb
  2614 | D:4      | Killed from afar by Ijyb

Illustrated notes

Levels and vault maps discovered:
D:1:      roderic_dead_forest, layout_rooms, basic_ecumenical_altar,
          serial_shops, nicolae_diamond_shop,
          hangedman_abyss_or_decor_lesser_grid
D:2:      layout_loops_ring, corexii_corridor_pit, minmay_misc_feat_columns
D:3:      layout_loops_ring
D:4:      minmay_general_purpose_star, layout_basic, uniq_ijyb,
          uniq_crazy_yiuf_cottage

Skill      XL: |  1  2  3 |
---------------+----------+-----
Polearms       | 4 5 |  5.3
Fighting       | 4 |  4.3
Armour         | |  2.8
Dodging        | |  2.6
Stealth        | |  0.4

Action                   |  1- 3 |  4- 6 || total
-------------------------+-------+-------++-------
Melee: Spear             |   118 |     4 ||   122
       Headbutt          |    12 |       ||    12
  Use: Potion            |     1 |     3 ||     4
 Stab: Sleeping          |     1 |     1 ||     2
Armor: Animal skin       |    19 |       ||    19
Dodge: Dodged            |    42 |     3 ||    45
